 Dungeon Crawl Stone Soup version 0.23-a0-270-gab6feb3 (webtiles) character file.

3017 b5mith the Carver (level 9, 0/90 HPs)
             Began as a Minotaur Berserker on Sept 30, 2018.
             Was a High Priest of Trog.
             Succumbed to a killer bee's poison
             ... on level 9 of the Dungeon.
             The game lasted 00:12:04 (4124 turns).

b5mith the Carver (Minotaur Berserker)              Turns: 4124, Time: 00:12:05

Health: 0/90       AC:  7    Str: 26    XL:     9   Next: 55%
Magic:  8/8        EV: 11    Int:  4    God:    Trog [*****.]
Gold:   242        SH:  0    Dex:  9    Spells: 8/8 levels left

rFire    + . .     SeeInvis .   C - +0 long sword
rCold    + . .     Gourm    .   (no shield)
rNeg     . . .     Faith    .   d - +0 ring mail
rPois    .         Spirit   .   h - +2 hat
rElec    .         Reflect  .   n - scarf {rC+ rF+}
rCorr    +         Harm     .   (no gloves)
MR       .....                  (no boots)
Stlth    ..........             (no amulet)
HPRegen  0.25/turn              k - +3 ring of slaying
MPRegen  0.11/turn              B - ring of resist corrosion

@: lethally poisoned (0 -> -24)
A: retaliatory headbutt, horns 2
a: Berserk, Trog's Hand, Brothers in Arms, Renounce Religion


You were on level 9 of the Dungeon.
You worshipped Trog.
Trog was extremely pleased with you.
You were not hungry.

You visited 1 branch of the dungeon, and saw 7 of its levels.

You collected 242 gold pieces.

Inventory:

Hand Weapons
 a - a +0 falchion
 b - a +0 hunting sling
   (You took it off a goblin on level 3 of the Dungeon)
 r - a +0 hunting sling
   (You found it on level 2 of the Dungeon)
 z - a +2 short sword of venom
   (You took it off a kobold on level 3 of the Dungeon)
 C - a +0 long sword (weapon)
   (You took it off an orc wizard on level 7 of the Dungeon)
Missiles
 u - 94 stones (quivered)
Armour
 d - a +0 ring mail (worn)
   (You found it on level 1 of the Dungeon)
 h - a +2 hat (worn)
   (You found it on level 1 of the Dungeon)
 n - a scarf of resistance (worn)
   (You found it on level 2 of the Dungeon)
 t - a +0 animal skin
Jewellery
 k - a +3 ring of slaying (left hand)
   (You found it on level 4 of the Dungeon)
 B - a ring of resist corrosion (right hand)
   (You found it on level 7 of the Dungeon)
Wands
 p - a wand of enslavement (27)
   (You found it on level 2 of the Dungeon)
 y - a wand of disintegration (9)
   (You took it off a kobold on level 3 of the Dungeon)
Scrolls
 g - 6 scrolls of identify {unknown}
 j - a scroll of noise {unknown}
 o - a scroll of blinking {unknown}
 q - a scroll of fog {unknown}
 w - 2 scrolls of remove curse {unknown}
Potions
 e - 2 potions of haste {unknown}
 f - 2 potions of mutation {unknown}
 i - 2 potions of magic {unknown}
 l - a potion of flight {unknown}
 m - 2 potions of curing {unknown}
 s - 2 potions of degeneration {unknown}
 v - a potion of cancellation {unknown}
 x - a potion of agility {unknown}
 A - 2 potions of might {unknown}
Comestibles
 c - 7 rations
 D - 2 chunks of flesh


   Skills:
 + Level 11.6 Fighting
 + Level 11.6 Long Blades
 - Level 2.4 Armour
 - Level 2.1 Dodging


You had 8 spell levels left.
You didn't know any spells.
Your spell library was empty.

Dungeon Overview and Level Annotations

Branches:
Dungeon (9/15)               Lair (0/6) D:8
 Temple: D:4-7          Orc: D:9-12

Altars:
Cheibriados
Hepliaklqana
Kikubaaqudgha
Nemelex Xobeh
Qazlal
Sif Muna
Uskayaw
Zin

Shops:
D:8 *


Innate Abilities, Weirdness & Mutations

You reflexively headbutt those who attack you in melee.
You have a pair of horns on your head.


Message History

You barely miss the killer bee. Your headbutt misses the killer bee.
You feel sick. The killer bee misses you. You furiously retaliate!
You headbutt the killer bee! The killer bee stings you.
* * * LOW HITPOINT WARNING * * *
You are more poisoned.
The killer bee poisons you!
You are too injured to fight recklessly!
You slash the killer bee!
You kill the killer bee!
Trog accepts your kill.
You feel sick.
A killer bee comes into view.
A killer bee comes into view.
You feel very sick.
The killer bee buzzes angrily. x2; You hear an angry buzzing noise.
The killer bee misses you.
You riposte.
You closely miss the killer bee.
A killer bee comes into view.
The killer bee stings you but does no damage.
You hear an angry buzzing noise. x2
Found a runed ring mail.
You miss the killer bee.
You feel sick. The killer bee stings you.
* * * LOW HITPOINT WARNING * * *
The killer bee stings you.
* * * LOW HITPOINT WARNING * * *
You are more poisoned.
The killer bee poisons you!
The queen bee calls on the killer bee to defend it!
The killer bee goes berserk!
* * * LOW HITPOINT WARNING * * *
You feel sick. The killer bee stings you!
* * * LOW HITPOINT WARNING * * *
The killer bee stings you but does no damage.
You hear an angry buzzing noise.
There is a stone staircase leading down here.
You miss the killer bee.
* * * LOW HITPOINT WARNING * * *
You feel very sick. The killer bee barely misses you.
The killer bee stings you but does no damage.
The killer bee stings you!
* * * LOW HITPOINT WARNING * * *
* * * LOW HITPOINT WARNING * * *
You feel sick. The killer bee stings you!
* * * LOW HITPOINT WARNING * * *
The killer bee misses you.
You riposte.
You slash the killer bee! Your headbutt misses the killer bee.
The killer bee is heavily wounded.
The killer bee barely misses you.
You climb downwards.
You die...

## #.#
####.###
#..@y..#
#.##.#.#
# .# ..
... ...#
..## ..#


You could see a killer bee (berserk).

Vanquished Creatures
  Pikel (D:7)
  Grinder (D:4)
  A hippogriff (D:7)
  A wyvern (D:8)
  The ghost of zyena the Insei, an amateur OpFi (D:3)
  An orc warrior (D:7)
  A sky beast (D:7)
  2 ogres (D:7)
  3 slaves (D:7)
  2 centaurs
  A bullfrog (D:7)
  A big kobold (D:3)
  7 killer bees
  5 wights (D:7)
  3 howler monkeys (D:7)
  2 hounds (D:7)
  A jelly (D:8)
  A bullfrog skeleton (D:8)
  4 orc priests
  4 orc wizards
  2 iguanas
  3 worker ants
  3 adders
  A howler monkey skeleton (D:7)
  4 oozes
  An adder skeleton (D:4)
  2 worms (D:2)
  2 dart slugs
  3 leopard geckos
  24 orcs
  10 bats
  A giant cockroach (D:8)
  8 goblins
  10 hobgoblins
  7 jackals
  16 kobolds
  2 quokkas
  8 frilled lizards
  A jackal zombie (D:8)
  A leopard gecko zombie (D:7)
  8 rats
160 creatures vanquished.

Vanquished Creatures (others)
  A fungus (D:3)
  3 plants (D:3)
4 creatures vanquished.

Grand Total: 164 creatures vanquished

Notes
Turn   | Place    | Note
-------+----------+-------------------------------------------
     0 | D:1      | b5mith the Minotaur Berserker began the quest for the Orb.
     0 | D:1      | Reached XP level 1. HP: 19/19 MP: 0/0
   213 | D:1      | Reached XP level 2. HP: 26/27 MP: 1/1
   735 | D:2      | Reached ** piety under Trog
   735 | D:2      | Reached XP level 3. HP: 32/34 MP: 2/2
  1018 | D:2      | Reached XP level 4. HP: 41/41 MP: 3/3
  1043 | D:2      | Reached skill level 5 in Fighting
  1049 | D:2      | Reached skill level 5 in Long Blades
  1211 | D:3      | Found a runed gate.
  1211 | D:3      | Found a runed gate.
  1212 | D:3      | Found a runed gate.
  1214 | D:3      | Noticed a big kobold
  1357 | D:3      | Found a stormy altar of Qazlal.
  1362 | D:3      | Found a snail-covered altar of Cheibriados.
  1395 | D:3      | Reached *** piety under Trog
  1562 | D:3      | Reached XP level 5. HP: 48/48 MP: 4/4
  1707 | D:3      | Found a hazy altar of Hepliaklqana.
  1872 | D:3      | Noticed zyena's ghost (amateur OpFi)
  1899 | D:3      | Killed zyena's ghost
  1899 | D:3      | Reached XP level 6. HP: 48/58 MP: 5/5
  2069 | D:4      | Noticed Grinder
  2085 | D:4      | Killed Grinder
  2085 | D:4      | Reached XP level 7. HP: 59/66 MP: 6/6
  2177 | D:4      | You fall through a shaft for 3 floors!
  2501 | D:7      | Reached **** piety under Trog
  2600 | D:7      | Reached XP level 8. HP: 53/77 MP: 7/7
  2860 | D:7      | Noticed Pikel
  2866 | D:7      | Killed Pikel
  2866 | D:7      | Reached skill level 10 in Fighting
  2866 | D:7      | Reached skill level 10 in Long Blades
  2936 | D:7      | Reached XP level 9. HP: 79/86 MP: 8/8
  3517 | D:7      | Found a deep blue altar of Sif Muna.
  3559 | D:8      | Found Oneil's Assorted Antiques.
  3648 | D:8      | Found a staircase to the Lair.
  3657 | D:8      | Found a sparkling altar of Nemelex Xobeh.
  3680 | D:8      | Reached ***** piety under Trog
  3949 | D:8      | Found a hide-covered altar of Uskayaw.
  3982 | D:8      | Found an ancient bone altar of Kikubaaqudgha.
  4064 | D:8      | Found a glowing silver altar of Zin.
  4116 | D:8      | Noticed a queen bee
  4123 | D:8      | HP: 1/90 [killer bee (9)]
  4124 | D:9      | Succumbed to a killer bee's poison

Vault maps used:
D:1:      dpeg_arrival_tiny_a
D:3:      lemuel_coloured_pillars_altar, old_standard_altar,
          gammafunk_ghost_nasty_kobolds, grunt_qazlal_sundering
D:4:      wad_lake_hut, lemuel_doored_altar, grunt_gozag_statues, uniq_edmund,
          uniq_grinder
D:7:      kennysheep_mini, uniq_pikel
D:8:      nicolae_overflow_crystal_walls, kennysheep_little_box,
          overflow_temple_1_default, overflow_temple_1_default,
          lair_entry_dummy, serial_shops, shop, david_nohive_1
D:9:      nicolae_overflow_hidden_temple, uniq_erica

Skill      XL: |  1  2  3  4  5  6  7  8  9 |
---------------+----------------------------+-----
Fighting       | 4 5 6 7 8 10 11 | 11.6
Long Blades    | 4 5 6 7 8 10 11 | 11.6
Armour         | |  2.4
Dodging        | |  2.1

Action                   |  1- 3 |  4- 6 |  7- 9 || total
-------------------------+-------+-------+-------++-------
Melee: Falchion          |    89 |   100 |   118 ||   307
       Headbutt          |    16 |    15 |    44 ||    75
       Long sword        |       |       |    48 ||    48
Invok: Berserk           |       |     1 |     1 ||     2
  Eat: Chunk             |       |     5 |     7 ||    12
Armor: Ring mail         |    39 |    37 |    53 ||   129
Dodge: Dodged            |    52 |    56 |    86 ||   194
       Rpst.: Falchion   |    17 |    17 |    11 ||    45
       Long sword        |       |       |     8 ||     8

Table legend:
 A = Non-vault XP
 B = Vault XP
 C = Vault XP percentage of total XP
 D = Non-vault monster count
 E = Vault monster count
 F = Vault count percentage of total count
                 A         B        C        D         E       F
            +---------+---------+-------+---------+---------+-------
      Total |    2862 |    1449 |  33.6 |     141 |      16 |  10.2
            +---------+---------+-------+---------+---------+-------
        D:1 |      39 |       0 |   0.0 |      21 |       0 |   0.0
        D:2 |      82 |       0 |   0.0 |      32 |       0 |   0.0
        D:3 |     119 |     271 |  69.5 |      33 |      10 |  23.3
        D:4 |      39 |     277 |  87.7 |       2 |       1 |  33.3
        D:7 |    1949 |     651 |  25.0 |      36 |       1 |   2.7
        D:8 |     634 |     250 |  28.3 |      17 |       4 |  19.0
            +---------+---------+-------+---------+---------+-------
